Map: Prion Terraces

Players

Miszu - Winner!

  • Race: Terran Terran
  • League: Master

Miedziany

  • Race: Terran Terran
  • League: Master

VOD

Have the link to the VOD?

Description

Time

  • Played on: March 7, 2016, 6:22 p.m.
  • Length: 3:53
Show
View Real Time Build Order
Export as new Build Order

Miszu Terran - Winner!

Build Orders: 1/1/1, Liberator Opening 

Get SALT Encoding   

  12  0:00  SCV  
  13  0:13  SCV  
  14  0:17  Supply Depot  
  14  0:25  SCV  
  14  0:27  Refinery  
  15  0:38  SCV  
  16  0:45  Barracks  
  16  0:50  SCV  
  17  1:02  Refinery, SCV  
  18  1:14  SCV  
  20  1:33  Orbital Command  
  20  1:34  Factory  
  20  1:37  Reaper  
  20  1:43  Supply Depot  
  20  1:59  SCV  
  21  2:09  Reaper  
  21  2:12  SCV  
  23  2:18  Starport, Hellion  
  23  2:22  Supply Depot  
  25  2:28  SCV  
  26  2:39  Hellion  
  26  2:40  SCV  
  26  2:41  Reaper  
  30  2:49  Liberator  
  30  2:52  SCV  
  31  3:01  Supply Depot  
  31  3:04  SCV  
  32  3:06  Hellion  
  37  3:16  SCV  
  38  3:27  Hellion  
  42  3:41  SCV  
Show
View Real Time Build Order
Export as new Build Order

Miedziany Terran 

Build Orders: Reaper Expand 

Get SALT Encoding   

  12  0:01  SCV  
  13  0:13  SCV  
  14  0:18  Supply Depot  
  14  0:25  SCV  
  15  0:40  SCV  
  16  0:43  Barracks  
  16  0:52  Refinery, SCV  
  17  1:04  SCV  
  18  1:16  SCV  
  19  1:32  Orbital Command  
  19  1:36  Reaper  
  20  1:45  Command Center  
  20  1:59  SCV  
  21  2:12  Supply Depot  
  21  2:16  Barracks Reactor  
  21  2:19  SCV  
  21  2:21  Refinery  
  22  2:31  SCV  
  22  2:35  Factory  
  23  2:43  SCV  
  24  2:53  Marine  
  24  2:55  SCV  
  24  2:56  Reaper  
  24  2:57  Orbital Command  
  27  3:08  SCV  
  27  3:20  SCV  
  27  3:21  Hellion  
Tags
 
Add a new tag
Caveats
  • Supply blocks, unpowered buildings, or Contaminate may cause inaccurate times.
  • Supply counts are checked every 10 seconds.